Map: Port Aleksander EC

Players

CALLmeMaybe

  • Race: Zerg Zerg
  • League: Master
  • Spawn Location: 5:00

IA (très facile) - Winner!

  • Race: Terran Terran
  • Spawn Location: 11:00

VOD

Have the link to the VOD?

Description

Time

  • Played on: Nov. 27, 2018, 3:37 p.m.
  • Length: 5:20
Show
View Real Time Build Order
Export as new Build Order

CALLmeMaybe Zerg 

Build Orders: Hatch First, Zergling Baneling 

Get SALT Encoding   

  12  0:01  Drone  
  13  0:11  Drone  
  14  0:18  Overlord  
  14  0:36  Drone x3  
  17  0:54  Hatchery  
  16  0:58  Drone  
  16  1:01  Drone  
  18  1:16  Spawning Pool  
  18  1:17  Extractor  
  16  1:20  Drone  
  16  1:23  Drone  
  18  1:30  Drone  
  19  1:41  Drone  
  20  1:52  Overlord  
  20  2:03  Queen  
  20  2:06  Queen  
  24  2:09  Zergling x4  
  26  2:16  Drone  
  26  2:17  Metabolic Boost  
  26  2:22  Drone  
  28  2:38  Hatchery  
  28  2:40  Drone  
  28  2:47  Queen  
  30  2:56  Queen  
  32  3:00  Drone  
  32  3:03  Overlord  
  33  3:06  Drone  
  33  3:09  Drone  
  33  3:12  Drone  
  36  3:18  Overlord  
  36  3:22  Drone x2  
  36  3:24  Drone  
  39  3:27  Drone  
  39  3:29  Drone  
  39  3:32  Drone  
  42  3:38  Drone x2  
  44  3:46  Drone x3  
  44  3:47  Drone x2  
  49  3:54  Extractor  
  48  3:59  Zergling x10  
  53  4:04  Baneling Nest  
  53  4:05  Drone  
  53  4:10  Zergling x4  
  53  4:12  Overlord  
  53  4:13  Overlord  
  55  4:21  Zergling x4  
  55  4:22  Zergling x2  
  58  4:33  Zergling x2  
  58  4:34  Zergling x14  
  58  4:37  Drone  
  67  4:40  Zergling x4  
  67  4:41  Zergling x2  
  70  4:51  Baneling x2  
  70  4:52  Baneling x8  
  70  4:53  Baneling  
  70  4:54  Zergling x4, Baneling  
  70  4:55  Zergling x2  
  73  5:01  Baneling x2  
  73  5:02  Zergling x2  
Show
View Real Time Build Order
Export as new Build Order

IA (très facile) Terran - Winner!

Build Orders: Reaper Expand 

Get SALT Encoding   

  12  0:00  SCV  
  13  0:13  SCV  
  14  0:19  Supply Depot  
  14  0:44  Barracks  
  14  1:06  Command Center  
  14  1:31  Orbital Command, Marine  
  15  1:34  Supply Depot  
  15  1:41  Refinery  
  15  1:54  Refinery  
  15  1:57  SCV  
  16  2:09  SCV  
  17  2:21  SCV, Reaper  
  17  2:22  SCV  
  20  2:33  SCV  
  20  2:37  SCV  
  22  2:45  SCV  
  24  2:51  SCV  
  25  2:58  SCV  
  26  3:05  SCV  
  26  3:08  Refinery, Marine  
  28  3:12  SCV  
  29  3:20  SCV  
  29  3:26  Factory  
  30  3:27  SCV  
  30  3:49  Refinery  
  30  3:50  SCV  
  31  3:56  Marine  
  31  3:58  Supply Depot  
  31  4:00  SCV  
  33  4:07  SCV  
  34  4:12  Starport  
  34  4:14  Barracks Tech Lab, SCV  
  35  4:21  SCV  
  36  4:28  SCV  
  37  4:31  Supply Depot  
  37  4:35  SCV  
  38  4:42  SCV  
  38  4:43  Marauder  
  41  4:49  Starport Tech Lab  
  41  4:50  SCV  
  42  4:57  SCV  
  43  5:04  SCV  
  49  5:15  Supply Depot  
Tags
 
Add a new tag
Caveats
  • Supply blocks, unpowered buildings, or Contaminate may cause inaccurate times.
  • Supply counts are checked every 10 seconds.